 Dungeon Crawl Stone Soup version 0.16.1-11-g651b585 (webtiles) character file.

6871 jacksonaction the Missionary (level 11, -13/92 HPs)
             Began as a Hill Orc Fighter on Apr 6, 2015.
             Was a Priest of Beogh.
             Killed from afar by a gargoyle (20 damage)
             ... with a stone arrow
             ... on level 10 of the Dungeon.
             The game lasted 00:57:12 (10592 turns).

jacksonaction the Missionary (Hill Orc Fighter)    Turns: 10592, Time: 00:57:12

Health: -13/92     AC: 20    Str: 23    XL:     11   Next: 6%
Magic:  24/24      EV:  9    Int:  8    God:    Beogh [***...]
Gold:   666        SH: 11    Dex: 10    Spells: 0 memorised, 10 levels left

rFire  . . .     SeeInvis .     u - +0 flail
rCold  . . .     Clarity  +     P - +0 plate armour
rNeg   . . .     SustAb   .     c - +0 shield
rPois  +         Gourm    .     A - +0 helmet
rElec  .         Spirit   .     x - +0 cloak
rCorr  .         Warding  .     (no gloves)
rMut   .         Stasis   .     S - +1 pair of boots
MR     .....                    q - amulet of clarity
Stlth  ..........               I - +4 ring of evasion
                                s - ring of poison resistance

@: lethally poisoned (-13 -> -15), not resistant to hostile enchantments,
extremely unstealthy
A: no striking features
a: Smiting, Renounce Religion


You were on level 10 of the Dungeon.
You worshipped Beogh.
Beogh was most pleased with you.
You were not hungry.

You visited 1 branch of the dungeon, and saw 10 of its levels.

You collected 756 gold pieces.
You spent 90 gold pieces at shops.

Inventory:

Hand weapons
 j - a +5 short sword of electrocution
 u - a +0 flail (weapon)
Missiles
 F - 3 javelins (quivered)
Armour
 c - a +0 shield (worn)
 x - a +0 cloak (worn)
 A - a +0 helmet (worn)
 P - a +0 plate armour (worn)
 S - a +1 pair of boots (worn)
Jewellery
 q - an amulet of clarity (around neck)
 s - a ring of poison resistance (left hand)
 z - an uncursed ring of positive energy
 I - a +4 ring of evasion (right hand)
 J - an uncursed ring of ice
Magical devices
 e - a wand of draining (7)
 Q - a wand of fire (8)
Scrolls
 a - 2 scrolls of magic mapping
 h - 5 scrolls of remove curse
 l - 6 scrolls of recharging
 n - 2 scrolls of teleportation {unknown}
 o - 3 scrolls of identify
 r - a scroll of enchant weapon
 v - a scroll of amnesia {unknown}
 y - 4 scrolls of enchant armour {unknown}
 C - a scroll of fear {unknown}
 L - 2 scrolls of blinking
Potions
 b - a potion of poison {unknown}
 f - 3 potions of haste {unknown}
 g - 2 potions of invisibility {unknown}
 i - 2 potions of mutation {unknown}
 t - 2 potions of curing
 w - a potion of restore abilities {unknown}
 B - a potion of magic {unknown}
 D - 3 potions of agility {unknown}
 H - 2 potions of resistance {unknown}
 K - 2 potions of lignification {unknown}
 M - 3 potions of cancellation {unknown}
 N - 2 potions of brilliance {unknown}
 R - a potion of flight {unknown}
Comestibles
 d - 5 meat rations
 k - a beef jerky
 m - 9 fruits
 p - 6 bread rations
 E - 3 poisonous chunks of flesh
 O - a slice of pizza


   Skills:
 - Level 7.4 Fighting
 - Level 8.3 Short Blades
 - Level 7.8 Maces & Flails
 - Level 8.1 Armour
 - Level 7.0 Shields
 + Level 9.5 Invocations


You had 10 spell levels left.
You didn't know any spells.

Dungeon Overview and Level Annotations

Branches:
Dungeon (10/15)            Temple (0/1) D:5
   Lair: D:8-11         Orc: D:9-12

Altars:
Ashenzari
Gozag
Makhleb
Okawaru
Ru
Trog
Yredelemnul
Zin
The Shining One


Message History

The stone arrow hits you!
* * * LOW HITPOINT WARNING * * *
You sock the gargoyle!
The gargoyle is severely damaged.
The gargoyle hits you but does no damage.
You barely miss the gargoyle.
The gargoyle is severely damaged.
The gargoyle hits you but does no damage.
You are poisoned.
You hit the gargoyle.
The gargoyle is severely damaged.
You feel sick.
The gargoyle hits you with a dire flail of venom.
* * * LOW HITPOINT WARNING * * *
Your shield and plate armour prevent you from hitting the gargoyle.
The gargoyle is severely damaged.
You feel sick.
The gargoyle hurls a stone arrow at you.
The stone arrow hits you!
You die...

#...# #...#
################...##############
....(..............[.............
..[<.............................
.................................
........[........................
..........[...[..................
............[...@................
...............9.................
....[[...........................
................))....<..........
................)...[............
...................)<............
################...##############
#...# #...#


You could see a gargoyle.

Vanquished Creatures
  The ghost of Ljcope the Cleaver, an experienced HOBe of Trog (D:10)
  Erolcha (D:8)
  A gargoyle (D:10)
  The ghost of Inchmeat the Digger, an average GrEE of Vehumet (D:5)
  A deep elf mage (D:9)
  2 wyverns (D:8)
  Eustachio (D:8)
  A hippogriff (D:7)
  2 hungry ghosts
  5 sky beasts
  A black bear (D:9)
  3 orc warriors
  2 phantoms
  An ice beast (D:10)
  2 centaurs
  A necrophage (D:10)
  3 ogres
  A crocodile (D:8)
  4 giant frogs
  A wyvern skeleton (D:7)
  2 scorpions
  6 wights
  14 killer bees
  A goliath beetle (D:8)
  A quasit (D:8)
  4 crimson imps
  9 hounds
  2 giant frog skeletons
  A centaur zombie (D:10)
  2 orc priests (D:9)
  2 jellies
  4 worker ants
  5 orc wizards
  3 iguanas
  Jessica (D:2)
  A hound zombie (D:9)
  Terence (D:2)
  A hound skeleton (D:5)
  Robin (D:2)
  16 adders
  4 gnolls (D:3)
  3 shadow imps
  2 giant mites
  A worm (D:3)
  2 adder zombies
  9 giant geckos
  An ooze (D:3)
  27 orcs
  2 ball pythons
  A bat zombie (D:5)
  4 giant cockroaches
  21 goblins
  19 hobgoblins
  8 jackals
  8 quokkas
  17 bats
  A giant gecko skeleton (D:7)
  3 giant newts
  2 giant spores
  A jackal zombie (D:5)
  17 kobolds
  2 quokka skeletons
  15 rats
  3 ballistomycetes
285 creatures vanquished.

Vanquished Creatures (collateral kills)
  A worker ant (D:10)
1 creature vanquished.

Vanquished Creatures (others)
  An orc priest (D:10)
  An orc wizard (D:10)
  6 orcs
  A giant gecko (D:4)
9 creatures vanquished.

Grand Total: 295 creatures vanquished

Notes
Turn   | Place    | Note
--------------------------------------------------------------
     0 | D:1      | jacksonaction, the Hill Orc Fighter, began the quest for the Orb.
     0 | D:1      | Reached XP level 1. HP: 19/19 MP: 1/1
   119 | D:1      | Reached XP level 2. HP: 26/26 MP: 2/2
   705 | D:2      | Reached XP level 3. HP: 31/31 MP: 3/3
   707 | D:2      | Noticed Terence
   714 | D:2      | Killed Terence
   714 | D:2      | Reached skill level 4 in Maces & Flails
   843 | D:2      | Noticed Robin
   860 | D:2      | Killed Robin
   860 | D:2      | Reached XP level 4. HP: 17/39 MP: 4/4
  1119 | D:2      | Noticed Jessica
  1124 | D:2      | Killed Jessica
  1124 | D:2      | Reached skill level 5 in Maces & Flails
  1191 | D:3      | Found a bloodstained altar of Trog.
  1192 | D:3      | Found a basalt altar of Yredelemnul.
  1193 | D:3      | Found an iron altar of Okawaru.
  1359 | D:3      | Reached XP level 5. HP: 41/45 MP: 5/5
  1390 | D:3      | Found a shattered altar of Ashenzari.
  1434 | D:3      | Reached skill level 6 in Maces & Flails
  1848 | D:3      | Reached XP level 6. HP: 44/51 MP: 6/6
  1973 | D:3      | Reached skill level 7 in Maces & Flails
  3275 | D:4      | Became a worshipper of Beogh the Brigand
  3650 | D:4      | Reached skill level 1 in Invocations
  3650 | D:4      | Reached XP level 7. HP: 55/57 MP: 6/8
  3944 | D:5      | Entered Level 5 of the Dungeon
  3959 | D:5      | Noticed Inchmeat's ghost (average GrEE)
  4043 | D:5      | Killed Inchmeat's ghost
  4160 | D:5      | Found a burning altar of Makhleb.
  4171 | D:5      | Reached skill level 5 in Invocations
  4243 | D:5      | Acquired Beogh's first power
  4551 | D:5      | Reached XP level 8. HP: 30/64 MP: 16/16
  4985 | D:5      | Found a staircase to the Ecumenical Temple.
  5055 | D:5      | Found Zin's Purification Station.
  5059 | D:5      | Found a glowing silver altar of Zin.
  5062 | D:5      | Bought a potion of curing for 90 gold pieces
  5370 | D:6      | Reached skill level 5 in Short Blades
  6134 | D:7      | Acquired Beogh's second power
  6277 | D:7      | Reached XP level 9. HP: 27/70 MP: 14/17
  6305 | D:7      | Reached skill level 5 in Armour
  6920 | D:7      | You fall through a shaft!
  6920 | D:8      | Found an opulent altar of Gozag.
  7023 | D:8      | Found a glowing golden altar of the Shining One.
  7413 | D:8      | Reached skill level 5 in Shields
  7616 | D:8      | Noticed Eustachio
  7630 | D:8      | Killed Eustachio
  7816 | D:8      | Noticed Erolcha
  7828 | D:8      | Killed Erolcha
  7828 | D:8      | Reached XP level 10. HP: 46/86 MP: 18/18
  8426 | D:9      | Reached skill level 8 in Short Blades
  8725 | D:9      | Acquired Beogh's third power
  9099 | D:9      | Found a sacrificial altar of Ru.
  9225 | D:10     | Entered Level 10 of the Dungeon
  9225 | D:10     | Noticed Ljcope's ghost (experienced HOBe)
  9782 | D:10     | Killed Ljcope's ghost
  9782 | D:10     | Reached skill level 9 in Invocations
 10104 | D:9      | Reached XP level 11. HP: 51/92 MP: 24/24
 10587 | D:10     | Beogh protects you from harm!
 10592 | D:10     | Killed from afar by a gargoyle

Action                   |  1- 3 |  4- 6 |  7- 9 | 10-12 || total
-------------------------+-------+-------+-------+-------++-------
Melee: Flail             |   115 |   287 |    32 |    48 ||   482
       Short sword       |       |    10 |   449 |   351 ||   810
Throw: Javelin           |     5 |    43 |    36 |     7 ||    91
Invok: Convert to Beogh  |       |     1 |       |       ||     1
       Smiting           |       |       |     1 |     2 ||     3
  Use: Potion            |     1 |       |     1 |    10 ||    12
       Scroll            |       |     2 |     4 |     4 ||    10
 Stab: Distracted        |       |       |       |     2 ||     2
  Eat: Chunk             |       |     9 |    15 |     8 ||    32
       Beef jerky        |       |       |       |     1 ||     1
